 Dungeon Crawl Stone Soup version 0.26-a0-651-gb41185065b (webtiles) character file.

Game seed: 7603312535280688763

3 Lanoc the Insei (level 1, -2/13 HPs)
             Began as an Octopode Transmuter on Oct 16, 2020.
             Was an Initiate of Ru.
             Slain by a hound (4 damage)
             ... on level 2 of the Dungeon.
             The game lasted 00:00:27 (211 turns).

Lanoc the Insei (Octopode Transmuter)                Turns: 211, Time: 00:00:28

Health: -2/13      AC:  1    Str:  9    XL:     1   Next: 50%
Magic:  2/3        EV: 13    Int: 15    God:    Ru [......]
Gold:   18         SH:  0    Dex: 12    Spells: 3/4 levels left

rFire    . . .     SeeInvis .     - Unarmed
rCold    . . .     Faith    .   (no shield)
rNeg     . . .     Spirit   .   (helmet currently unavailable)
rPois    .         Reflect  .   (no amulet)
rElec    .         Harm     .   (no ring)
rCorr    .         Rampage  .   (no ring)
MR       .....                  (no ring)
Stlth    ++........             (no ring)
HPRegen  0.04/turn              (no ring)
MPRegen  0.08/turn              (no ring)
                                (no ring)
                                (no ring)

@: appendages (expiring)
A: almost no armour, stealthy swim, amphibious, 8 rings, constrict 8, tentacle
spike 3, camouflage 1, gelatinous body 1
a: End Transformation, Renounce Religion


You were on level 2 of the Dungeon.
You worshipped Ru.
Ru was noncommittal.
One of your tentacles had a temporary spike.
You visited 1 branch of the dungeon, and saw 2 of its levels.

You collected 18 gold pieces.

Inventory:

Scrolls
 a - a scroll of enchant armour {unknown}
 b - a scroll of amnesia {unknown}
 c - a scroll of enchant weapon {unknown}


   Skills:
 + Level 1.1 Fighting
 + Level 2.0 Dodging
 * Level 3.1 Unarmed Combat
 - Level 2.0 Spellcasting
 + Level 2.0 Transmutations


You had 3 spell levels left.
You knew the following spells:

 Your Spells              Type           Power        Failure   Level
a - Beastly Appendage     Tmut           #.....       10%         1

Your spell library contained the following spells:

 Spells                   Type           Power        Failure   Level
 Wereblood                Tmut           #.......     14%         2
 Spider Form              Tmut/Pois      #.........   41%         3
 Ice Form                 Ice/Tmut       #.......     82%         4
 Blade Hands              Tmut           #.........   95%         5


Dungeon Overview and Level Annotations

Branches:
Dungeon (2/15)

Altars:
Ru


Innate Abilities, Weirdness & Mutations

You cannot wear most types of armour.
You are very stealthy in the water. (Stealth+)
You are amphibious.
You can wear up to eight rings at the same time.
You can use your tentacles to constrict eight enemies at once.
Your skin changes colour to match your surroundings (Stealth+).
Your rubbery body absorbs attacks. (AC +1, EV +1)
One of your tentacles bears a large vicious spike.


Message History

The hound barks!
The hound bites you. The hound barely misses you.
You closely miss the hound. Your grab misses the hound.
Your tentacle spike misses the hound.
You squeeze the hound!
The hound is heavily wounded.
The hound barely misses you.
You barely miss the hound. Your grab misses the hound.
Your squeeze misses the hound.
The hound is heavily wounded.
The hound bites you. x2
You are too injured to fight recklessly!
You tentacle-slap the hound. Your grab misses the hound.
The hound is heavily wounded.
The hound bites you.
* * * LOW HITPOINT WARNING * * *
You closely miss the hound. You grab the hound.
The hound is heavily wounded.
Your transformation is almost over.
You constrict the hound. The hound bites you.
You die...

..#..... ###.#.#...
...#...#. #.#.....#
#.#.≈≈≈.#
#.#≈...≈#..#
#.#≈._.≈#..# ..
#h#≈...≈#..#......
#@#.≈≈≈.#..#.#..#.
#.#.....#..#.#..#.
#..#...#.....#..#.
#...#.#.†#......#.
##.#.#...#.###..#.
.?..+.............
######...$.........
#....#.###..##
.................


You could see a hound.

Vanquished Creatures
  A giant cockroach (D:2)
  A bat (D:1)
  2 frilled lizards
4 creatures vanquished.

Notes
Turn   | Place    | Note
-------+----------+-------------------------------------------
     0 | D:1      | Lanoc the Octopode Transmuter began the quest for the Orb.
     0 | D:1      | Reached XP level 1. HP: 13/13 MP: 3/3
   169 | D:2      | Found a sacrificial altar of Ru.
   182 | D:2      | Became a worshipper of Ru the Awakened
   204 | D:2      | Noticed a hound
   211 | D:2      | Slain by a hound

Illustrated notes

Levels and vault maps discovered:
D:1:      minmay_arrival_plants_in_alcoves, layout_basic
D:2:      layout_basic, nicolae_ru_awakened_eye, hex_large,
          uniq_crazy_yiuf_cottage, uniq_natasha

Action                   || total
-------------------------++-------
Melee: Unarmed           ||    15
       Constrict         ||     4
       Kick              ||     1
       Tentacles         ||     1
 Cast: Beastly Appendage ||     4
Dodge: Dodged            ||     7

Table legend: (Time is in decaauts)
 A = Elapsed time spent in this place.
 B = Non-inter-level travel time spent in this place.
 C = Inter-level travel time spent in this place.
 D = Time resting spent in this place.
 E = Time spent auto-exploring this place.
 F = Levels seen in this place.
 G = Mean time per level.
                   A        B        C        D        E       F      G
               +--------+--------+--------+--------+--------+-----+--------+
         Total |    210 |    203 |      7 |      0 |    155 |   2 |  105.0 |
       Dungeon |    210 |    203 |      7 |      0 |    155 |   2 |  105.0 |
               +--------+--------+--------+--------+--------+-----+--------+

Top non-repeatable levels by time:
     D:1: 143 daAuts
     D:2: 66 daAuts
